 Dungeon Sprint DCSS version 0.27-a0-1184-ge86db4a01e (webtiles) character file.

Game seed: 17116970538586064391

17410 mhtbhm the Sorcerer (level 12, -26/60 HPs)
             Began as a Deep Elf Earth Elementalist on May 18, 2021.
             Was the Champion of Vehumet.
             Annihilated by Housothra the pandemonium lord (39 damage)
             ... in the Dungeon (Sprint VII: "The Pits").
             The game lasted 00:13:31 (3671 turns).

mhtbhm the Sorcerer (Deep Elf Earth Elementalist)   Turns: 3671, Time: 00:13:31

Health: -26/60     AC:  5    Str:  5    XL:     12   Next: 18%
Magic:  7/42       EV: 17    Int: 29    God:    Vehumet [******]
Gold:   28         SH:  0    Dex: 15    Spells: 17/60 levels left

rFire    . . .     SeeInvis .   l - +8 whip "Snakebite" {curare, rPois}
rCold    . . .     Faith    .   (no shield)
rNeg     . . .     Spirit   .   c - +0 robe
rPois    +         Reflect  .   (no helmet)
rElec    .         Harm     .   G - +0 cloak
rCorr    .         Rampage  .   p - +0 pair of gloves
Will     +....     NoTele   +   o - +0 pair of boots
Stlth    +++.......             (no amulet)
HPRegen  0.20/turn              n - +3 ring of intelligence
MPRegen  0.28/turn              m - +3 ring of evasion

@: no status effects
A: no striking features
a: Renounce Religion


You were in the Dungeon.
You worshipped Vehumet.
Vehumet was exalted by your worship.
You visited 1 branch You collected 28 gold pieces.

Inventory:

Hand Weapons
 l - the +8 whip "Snakebite" (weapon) {curare, rPois}
   (You found it in the Dungeon)

   It poisons the flesh of those it strikes.
   It protects you from poison.
Missiles
 b - 44 stones
 r - 3 curare-tipped darts (quivered)
Armour
 c - a +0 robe (worn)
 o - a +0 pair of boots (worn)
 p - a +0 pair of gloves (worn)
 q - a +0 cloak
 G - a +0 cloak (worn)
Jewellery
 m - a +3 ring of evasion (right hand)
 n - a +3 ring of intelligence (left hand)
 t - a ring of fire
 z - a ring of poison resistance
 E - a ring of ice
Wands
 s - a wand of digging (5)
Scrolls
 j - 6 scrolls of amnesia
 k - a scroll of summoning
 u - 4 scrolls of enchant armour
 v - 6 scrolls of enchant weapon
 w - 2 scrolls of identify
 x - a scroll of fog
 y - 3 scrolls of fear
 D - a scroll of holy word
Potions
 a - 2 potions of invisibility
 d - 9 potions of curing
 e - 21 potions of heal wounds
 f - a potion of degeneration {unknown}
 g - a potion of magic
 h - 5 potions of berserk rage
 B - a potion of brilliance
 F - a potion of ambrosia
Miscellaneous
 A - a phial of floods


   Skills:
 + Level 0.9 Fighting
 + Level 5.7 Dodging
 + Level 6.4 Stealth
 + Level 24.5 Spellcasting
 * Level 6.0 Conjurations
 + Level 2.8 Transmutations
 + Level 21.5 Earth Magic


You had 17 spell levels left.
You knew the following spells:

 Your Spells              Type           Power      Damage    Failure   Level
a - Sandblast             Erth           100%       2d20      0%          1
b - Shock                 Conj/Air       100%       1d9       1%          1
c - Stone Arrow           Conj/Erth      100%       3d13      0%          3
d - Lee's Rapid Deconstr  Erth           51%        3d25*     0%          5
e - Petrify               Tmut/Erth      82%        N/A       1%          4
f - Bolt of Magma         Conj/Fire/Erth 36%        4d16      1%          5
g - Spellforged Servitor  Conj/Summ      26%        N/A       45%         7
h - Lehudib's Crystal Sp  Conj/Erth      43%        10d10     5%          8
i - Fire Storm            Conj/Fire      26%        8d7       100%        9

Your spell library contained the following spells:

 Spells                   Type           Power      Damage    Failure   Level
 Absolute Zero            Ice            17%        ∞         100%        9
 Passwall                 Tmut/Erth      68%        N/A       0%          2
 Freeze                   Ice            100%       1d11      1%          1
 Frozen Ramparts          Ice            70%        1d9       1%          3
 Hailstorm                Conj/Ice       52%        3d12      1%          4
 Ozocubu's Armour         Ice            35%        N/A       2%          3
 Metabolic Englaciation   Hex/Ice        17%        N/A       24%         5


Dungeon Overview and Level Annotations

Branches:
Dungeon (1/1)

Altars:
Ashenzari
Cheibriados
Dithmenos
Elyvilon
Fedhas
Gozag
Hepliaklqana
Kikubaaqudgha
Makhleb
Nemelex Xobeh
Okawaru
Qazlal
Ru
Sif Muna
Trog
Uskayaw
Vehumet
Wu Jian
Xom
Yredelemnul
Zin
The Shining One
Beogh
Jiyva
Lugonu


Message History

Confirm with . or Enter, or press ? or * to list all spells.
Okay, then.
Casting: Lehudib's Crystal Spear (quite dangerous; 5% risk of failure)
Confirm with . or Enter, or press ? or * to list all spells.
The spell is quite dangerous to cast (5% risk of failure)!
Continue anyway?
Aiming: Lehudib's Crystal Spear (quite dangerous; 5% risk of failure)
Press: ? - help, Shift-Dir - straight line, f/p - Housothra
Aim: Housothra, armed with a chaotic touch (moderately wounded, 58% to hit)
The crystal spear misses Housothra.
Unknown command.
Your extra speed is starting to run out.
Magic courses through your body.
Casting: Lehudib's Crystal Spear (quite dangerous; 5% risk of failure)
Confirm with . or Enter, or press ? or * to list all spells.
Okay, then.
Casting: Lehudib's Crystal Spear (quite dangerous; 5% risk of failure)
Confirm with . or Enter, or press ? or * to list all spells.
The spell is quite dangerous to cast (5% risk of failure)!
Continue anyway?
Aiming: Lehudib's Crystal Spear (quite dangerous; 5% risk of failure)
Press: ? - help, Shift-Dir - straight line, f/p - Housothra
Aim: Housothra, armed with a chaotic touch (moderately wounded, 58% to hit)
The crystal spear misses Housothra.
You feel yourself slow down.
Unknown command.
Unknown command.
Casting: Lehudib's Crystal Spear (quite dangerous; 5% risk of failure)
Confirm with . or Enter, or press ? or * to list all spells.
The spell is quite dangerous to cast (5% risk of failure)!
Continue anyway?
Aiming: Lehudib's Crystal Spear (quite dangerous; 5% risk of failure)
Press: ? - help, Shift-Dir - straight line, f/p - Housothra
Aim: Housothra, armed with a chaotic touch (moderately wounded, 58% to hit)
The crystal spear hits Housothra!!!
Housothra is moderately wounded.
Housothra hits you!!
Ouch! That really hurt!
* * * LOW HITPOINT WARNING * * *
You feel your power leaking away. Housothra hits you!!!
Ouch! That really hurt!
You die...

###################
#..................
#..................
#..################ #..# # #..#
# #.&# # #.@# # #..# #
#..#+##############
#############..................
#_________.##..................
#_________.###########''#######
#_______...###########''#######
##########'##................##
#.?..')))'.##......#..#......##


You could see Housothra.

Vanquished Creatures
  An emperor scorpion (D)
  A hydra (D)
  An alligator snapping turtle (D)
  A catoblepas (D)
  Erica (D)
  Sonja (D)
  3 bog bodies (D)
  A lindwurm (D)
  A deep elf zephyrmancer (D)
  A wizard (D)
  A cyclops (D)
  A smoke demon (D)
  A molten gargoyle (D)
  A rust devil (D)
  A gargoyle (D)
  3 kobold demonologists (D)
  A yaktaur (D)
  A komodo dragon (D)
  An unseen horror (D)
  A demonic crawler (D)
  A red devil (D)
  2 ice devils (D)
  A guardian mummy (D)
  2 polar bears (D)
  5 blink frogs (D)
  11 dream sheep (D)
  7 redbacks (D)
  A tarantella (D)
  A shadow (D)
  A steam dragon (D)
  A small abomination (D)
  A water moccasin (D)
  A floating eye (D)
  2 ice beasts (D)
  A necrophage (D)
  2 centaurs (D)
  A phantom (D)
  A bullfrog (D)
  A scorpion (D)
  A wight (D)
  A crimson imp (D)
  A jelly (D)
  Crazy Yiuf (D)
  An adder (D)
  A white imp (D)
  An ufetubus (D)
  2 worms (D)
  A bat skeleton (D)
  An endoplasm (D)
  A giant cockroach (D)
  2 hobgoblins (D)
  2 jackals (D)
  5 kobolds (D)
  A quokka (D)
  A ball python zombie (D)
  2 giant cockroach simulacra (D)
  2 giant cockroach zombies (D)
  2 rats (D)
96 creatures vanquished.

Vanquished Creatures (others)
  A jackal skeleton (D)
1 creature vanquished.

Grand Total: 97 creatures vanquished

Notes
Turn   | Place    | Note
-------+----------+-------------------------------------------
     0 | D        | mhtbhm the Deep Elf Earth Elementalist began the quest for
                  | the Orb.
     0 | D        | Reached XP level 1. HP: 10/10 MP: 6/6
    22 | D        | Found a bloodstained altar of Trog.
    22 | D        | Found a shimmering blue altar of Sif Muna.
    22 | D        | Found a viscous altar of Jiyva.
    22 | D        | Found a hazy altar of Hepliaklqana.
    22 | D        | Found an opulent altar of Gozag.
    23 | D        | Found a glowing golden altar of the Shining One.
    23 | D        | Found a glowing silver altar of Zin.
    23 | D        | Found a basalt altar of Yredelemnul.
    23 | D        | Found a shimmering altar of Xom.
    23 | D        | Found an ornate altar of the Wu Jian Council.
    23 | D        | Found a sacrificial altar of Ru.
    23 | D        | Found a stormy altar of Qazlal.
    23 | D        | Found an iron altar of Okawaru.
    23 | D        | Found a sparkling altar of Nemelex Xobeh.
    23 | D        | Found a burning altar of Makhleb.
    23 | D        | Found a blossoming altar of Fedhas.
    23 | D        | Found a white marble altar of Elyvilon.
    23 | D        | Found a shadowy altar of Dithmenos.
    23 | D        | Found a snail-covered altar of Cheibriados.
    25 | D        | Found a radiant altar of Vehumet.
    25 | D        | Found a corrupted altar of Lugonu.
    26 | D        | Found a hide-covered altar of Uskayaw.
    26 | D        | Found an ancient bone altar of Kikubaaqudgha.
    26 | D        | Found a broken altar of Ashenzari.
    35 | D        | Became a worshipper of Vehumet
   119 | D        | Reached * piety under Vehumet
   119 | D        | Offered knowledge of Shock by Vehumet.
   169 | D        | Learned a level 1 spell: Shock
   289 | D        | Reached ** piety under Vehumet
   289 | D        | Offered knowledge of Static Discharge by Vehumet.
   290 | D        | Reached XP level 2. HP: 15/15 MP: 6/8
   311 | D        | Reached skill level 4 in Spellcasting
   447 | D        | Noticed a water moccasin
   448 | D        | Noticed a necrophage
   459 | D        | Killed a water moccasin
   459 | D        | Offered knowledge of Conjure Flame by Vehumet.
   459 | D        | Reached *** piety under Vehumet
   460 | D        | Reached skill level 7 in Spellcasting
   460 | D        | Reached XP level 3. HP: 14/19 MP: 8/14
   460 | D        | Reached XP level 4. HP: 18/24 MP: 8/15
   462 | D        | Killed a necrophage
   463 | D        | Reached skill level 9 in Spellcasting
   463 | D        | Reached XP level 5. HP: 13/28 MP: 6/18
   628 | D        | Learned a level 3 spell: Stone Arrow
   634 | D        | Learned a level 5 spell: Lee's Rapid Deconstruction
   639 | D        | Learned a level 4 spell: Petrify
   645 | D        | Noticed an ice beast
   650 | D        | Offered knowledge of Sticky Flame by Vehumet.
   651 | D        | Reached skill level 5 in Stealth
   651 | D        | Reached skill level 10 in Spellcasting
   651 | D        | Reached skill level 10 in Earth Magic
   651 | D        | Reached XP level 6. HP: 32/32 MP: 19/21
   651 | D        | Killed an ice beast
   651 | D        | Reached **** piety under Vehumet
   652 | D        | Reached skill level 11 in Spellcasting
   829 | D        | Noticed a cyclops
   832 | D        | Killed a cyclops
   832 | D        | Offered knowledge of Yara's Violent Unravelling by Vehumet.
   833 | D        | Reached skill level 13 in Spellcasting
   833 | D        | Reached XP level 7. HP: 36/36 MP: 7/25
   930 | D        | Reached ***** piety under Vehumet
   970 | D        | Noticed an ice devil
   970 | D        | Noticed a redback
   976 | D        | Killed an ice devil
   977 | D        | Reached skill level 5 in Dodging
   977 | D        | Reached skill level 14 in Spellcasting
   977 | D        | Reached XP level 8. HP: 41/42 MP: 19/28
  1166 | D        | Noticed a dream sheep
  1167 | D        | Noticed a dream sheep
  1174 | D        | Killed a dream sheep
  1174 | D        | Offered knowledge of Iron Shot by Vehumet.
  1175 | D        | Reached skill level 15 in Spellcasting
  1177 | D        | Killed a dream sheep
  1177 | D        | Noticed a dream sheep
  1178 | D        | Reached skill level 1 in Conjurations
  1179 | D        | Noticed a dream sheep
  1180 | D        | Killed a dream sheep
  1180 | D        | Noticed a dream sheep
  1180 | D        | Noticed a dream sheep
  1181 | D        | Reached skill level 16 in Spellcasting
  1182 | D        | Killed a dream sheep
  1183 | D        | Reached XP level 9. HP: 46/46 MP: 15/31
  1185 | D        | Reached ****** piety under Vehumet
  1186 | D        | Reached skill level 15 in Earth Magic
  1189 | D        | Reached skill level 17 in Spellcasting
  1495 | D        | Offered knowledge of Fulminant Prism by Vehumet.
  1497 | D        | Noticed a polar bear
  1499 | D        | Killed a polar bear
  1533 | D        | Noticed a polar bear
  1533 | D        | Noticed a yaktaur
  1539 | D        | Killed a yaktaur
  1540 | D        | Reached skill level 18 in Spellcasting
  1542 | D        | Killed a polar bear
  1636 | D        | Noticed a deep elf zephyrmancer
  1637 | D        | Killed a deep elf zephyrmancer
  1637 | D        | Offered knowledge of Bolt of Magma by Vehumet.
  1642 | D        | Noticed a bog body
  1643 | D        | Killed a bog body
  1644 | D        | Reached skill level 19 in Spellcasting
  1644 | D        | Reached skill level 5 in Conjurations
  1644 | D        | Reached XP level 10. HP: 51/51 MP: 27/35
  1645 | D        | Noticed a lindwurm
  1647 | D        | Killed a lindwurm
  1649 | D        | Noticed an alligator snapping turtle
  1743 | D        | Learned a level 5 spell: Bolt of Magma
  1786 | D        | Killed an alligator snapping turtle
  1787 | D        | Reached skill level 20 in Spellcasting
  1928 | D        | Noticed Crazy Yiuf
  1929 | D        | Noticed a smoke demon
  1931 | D        | Killed Crazy Yiuf
  1931 | D        | Killed a smoke demon
  1935 | D        | Offered knowledge of Spellforged Servitor by Vehumet.
  1959 | D        | Noticed a bog body
  1980 | D        | Reached skill level 21 in Spellcasting
  1981 | D        | Killed a bog body
  1982 | D        | Noticed an emperor scorpion
  2109 | D        | Learned a level 7 spell: Spellforged Servitor
  2163 | D        | Offered knowledge of Freezing Cloud by Vehumet.
  2286 | D        | Noticed a catoblepas
  2286 | D        | Noticed Erica
  2288 | D        | Killed Erica
  2289 | D        | Reached XP level 11. HP: 55/55 MP: 33/38
  2293 | D        | Killed a catoblepas
  2418 | D        | Noticed a wizard
  2420 | D        | Killed a wizard
  2421 | D        | Reached skill level 22 in Spellcasting
  2456 | D        | Noticed Sonja
  2457 | D        | Killed Sonja
  2464 | D        | Offered knowledge of Conjure Ball Lightning by Vehumet.
  2628 | D        | Offered knowledge of Chain Lightning by Vehumet.
  2629 | D        | Reached skill level 23 in Spellcasting
  2727 | D        | Killed an emperor scorpion
  2923 | D        | Noticed a bog body
  2926 | D        | Killed a bog body
  3058 | D        | Reached XP level 12. HP: 60/60 MP: 30/41
  3061 | D        | Reached skill level 24 in Spellcasting
  3061 | D        | Offered knowledge of Lehudib's Crystal Spear by Vehumet.
  3061 | D        | Offered knowledge of Fire Storm by Vehumet.
  3061 | D        | Offered knowledge of Absolute Zero by Vehumet.
  3066 | D        | Noticed a seven-headed hydra
  3079 | D        | Killed a seven-headed hydra
  3329 | D        | Found the +8 whip "Snakebite" {curare, rPois}
  3451 | D        | Learned a level 8 spell: Lehudib's Crystal Spear
  3461 | D        | Learned a level 9 spell: Fire Storm
  3605 | D        | Noticed Housothra the pandemonium lord
  3671 | D        | Annihilated by Housothra the pandemonium lord

Illustrated notes

Levels and vault maps discovered:
D:        pitsprint [storerooms_1, entrance_room_1, metal_vault_3, armoury_1,
          mini_pit_1, grid_room_1, main_hall_1, silver_pit, the_coven_2,
          the_vestibule_1, steel_vault_2, golden_pit, hallway_of_sentries,
          crystal_vault_2, iron_vault_3, final_vault]

Skill      XL: |  1  2  3  4  5  6  7  8  9 10 11 12 |
---------------+-------------------------------------+-----
Dodging        | 3 4 5 |  5.7
Earth Magic    | 4 8 9 10 12 13 14 16 18 21 | 21.5
Spellcasting   | 7 9 10 13 14 16 19 21 23 24 | 24.5
Stealth        | 4 5 6 |  6.4
Conjurations   | 1 5 6 |  6.0
Transmutations | 2 |  2.8
Fighting       | |  0.9

Action                   |  1- 3 |  4- 6 |  7- 9 | 10-12 || total
-------------------------+-------+-------+-------+-------++-------
Melee: Quarterstaff      |       |       |       |     1 ||     1
 Cast: Sandblast         |    18 |     4 |       |       ||    22
       Shock             |     1 |       |       |       ||     1
       Lee's Rapid Decon |       |     6 |    13 |    66 ||    85
       Stone Arrow       |       |       |    15 |     6 ||    21
       Petrify           |       |       |       |     4 ||     4
       Lehudib's Crystal |       |       |       |     8 ||     8
  Use: Potion            |       |       |       |     7 ||     7
       Scroll            |       |       |       |     2 ||     2
Armor: Robe              |       |     1 |     1 |     2 ||     4
Dodge: Dodged            |     6 |       |     2 |     7 ||    15

Table legend: (Time is in decaauts)
 A = Elapsed time spent in this place.
 B = Non-inter-level travel time spent in this place.
 C = Inter-level travel time spent in this place.
 D = Time resting spent in this place.
 E = Time spent auto-exploring this place.
 F = Levels seen in this place.
 G = Mean time per level.
                   A        B        C        D        E       F      G
               +--------+--------+--------+--------+--------+-----+--------+
         Total |   3609 |   3609 |      0 |   2175 |     36 |   1 | 3609.0 |
       Dungeon |   3609 |   3609 |      0 |   2175 |     36 |   1 | 3609.0 |
               +--------+--------+--------+--------+--------+-----+--------+

Top non-repeatable levels by time:
       D: 3609 daAuts
